 Dungeon Crawl Stone Soup version 0.25.1-8-g42b30a86e7 (webtiles) character file.

Game seed: 7367058006278558912

83 Devam the Cudgeler (level 4, -1/33 HPs)
             Began as a Demonspawn Gladiator on Dec 21, 2020.
             Slain by a goblin
             ... wielding a +0 club
             ... led by Robin
              (2 damage)
             ... on level 3 of the Dungeon.
             The game lasted 00:03:31 (2093 turns).

Devam the Cudgeler (Demonspawn Gladiator)           Turns: 2093, Time: 00:03:32

Health: -1/33      AC:  4    Str: 14    XL:     4   Next: 22%
Magic:  4/4        EV: 12    Int: 10    God:
Gold:   48         SH:  0    Dex: 15    Spells: 3/3 levels left

rFire    . . .     SeeInvis .   a - +0 flail
rCold    . . .     Gourm    .   (no shield)
rNeg     . . .     Faith    .   b - +0 leather armour
rPois    .         Spirit   .   c - +0 helmet
rElec    .         Reflect  .   (no cloak)
rCorr    .         Harm     .   (no gloves)
MR       .....                  (no boots)
Stlth    +.........             (no amulet)
HPRegen  0.11/turn              (no ring)
MPRegen  0.09/turn              (no ring)

@: no status effects
A: claws 1, demonic guardian 1, rot immunity
a: no special abilities


You were on level 3 of the Dungeon.
You were not hungry.

You visited 1 branch of the dungeon, and saw 3 of its levels.

You collected 48 gold pieces.

Inventory:

Hand Weapons
 a - a +0 flail (weapon)
Missiles
 d - 3 throwing nets (quivered)
 h - 77 stones
Armour
 b - a +0 leather armour (worn)
 c - a +0 helmet (worn)
Scrolls
 g - a scroll of remove curse {unknown}
 i - a scroll of teleportation {unknown}
 j - a scroll of fear {unknown}
 k - a scroll of fog {unknown}
 m - a scroll of blinking {unknown}
Potions
 e - a potion of resistance {unknown}
Comestibles
 f - 4 rations
 l - a chunk of flesh


   Skills:
 - Level 2.0 Fighting
 + Level 4.6 Maces & Flails
 - Level 1.7 Throwing
 - Level 2.6 Dodging


You had 3 spell levels left.
You didn't know any spells.
Your spell library was empty.

Dungeon Overview and Level Annotations

Branches:
Dungeon (3/15)

Altars:
Wu Jian

Annotations:
D:3 Robin


Innate Abilities, Weirdness & Mutations

You have sharp fingernails.
A weak demonic guardian rushes to your aid.
You are immune to rotting.


Message History

You sock the goblin!
You kill the goblin!
Robin throws the goblin at you! The goblin barely misses you.
The goblin hits you with a +0 club.
* * * LOW HITPOINT WARNING * * *
You barely miss the goblin.
You hear the slow rusting of a distant drain.
Robin throws the goblin at you!
The goblin hits you but does no damage. x2
The goblin barely misses you. Robin closely misses you.
You closely miss the goblin. The goblin hits you with a +0 club.
* * * LOW HITPOINT WARNING * * *
The goblin misses you. The goblin barely misses you.
Robin hits you from afar with a +0 spear.
* * * LOW HITPOINT WARNING * * *
You barely miss the goblin. The goblin hits you but does no damage.
The goblin barely misses you. The goblin hits you with a +0 club.
* * * LOW HITPOINT WARNING * * *
Robin misses you. The goblin misses you.
You barely miss the goblin. The goblin hits you with a +0 club.
You die...

♣♣≈≈ ##♣♣♣P≈...
### #g.gg.≈≈≈.
....####@P♣≈≈P.≈≈
#....gg♣♣ ♣♣♣≈P
####.÷..♣♣#♣
###....<♣ ##.###♣
#.# #.# #.# #.#


You could see Robin, a hobgoblin (strong) and 3 goblins.

Vanquished Creatures
  4 adders
  2 dart slugs
  A leopard gecko (D:1)
  4 bats
  A giant cockroach (D:1)
  10 goblins
  4 hobgoblins
  5 kobolds
  A frilled lizard (D:2)
  8 rats (D:1)
40 creatures vanquished.

Vanquished Creatures (collateral kills)
  2 goblins (D:3)
2 creatures vanquished.

Grand Total: 42 creatures vanquished

Notes
Turn   | Place    | Note
-------+----------+-------------------------------------------
     0 | D:1      | Devam the Demonspawn Gladiator began the quest for the Orb.
     0 | D:1      | Reached XP level 1. HP: 16/16 MP: 1/1
    22 | D:1      | Reached skill level 3 in Maces & Flails
   124 | D:1      | Gained mutation: You are immune to rotting. [demonic
                  | ancestry]
   124 | D:1      | Reached XP level 2. HP: 22/22 MP: 2/2
  1284 | D:2      | Reached skill level 4 in Maces & Flails
  1284 | D:2      | Gained mutation: A weak demonic guardian rushes to your
                  | aid. [demonic ancestry]
  1284 | D:2      | Reached XP level 3. HP: 17/27 MP: 3/3
  1608 | D:2      | Found an ornate altar of the Wu Jian Council.
  1779 | D:2      | Found a faded altar of an unknown god.
  2058 | D:3      | Gained mutation: You have sharp fingernails. [demonic
                  | ancestry]
  2058 | D:3      | Reached XP level 4. HP: 25/33 MP: 4/4
  2063 | D:3      | Noticed Robin
  2092 | D:3      | HP: 1/33 [goblin/+0 club[Robin] (3)]
  2093 | D:3      | Slain by a goblin

Illustrated notes

Levels and vault maps discovered:
D:1:      eino_arrival_water_cross, layout_basic
D:2:      layout_loops_ring, lemuel_crystal_altar,
          chequers_ecumenical_altar_island
D:3:      layout_rooms, portal_sewer_entry_f, hex_medium, serial_bayou_crossing,
          uniq_robin

Skill      XL: |  1  2 |
---------------+-------+-----
Maces & Flails | 3 4 |  4.6
Fighting       | |  2.0
Throwing       | |  1.7
Dodging        | |  2.6

Action                   |  1- 3 |  4- 6 || total
-------------------------+-------+-------++-------
Melee: Flail             |   100 |    19 ||   119
 Stab: Sleeping          |     1 |       ||     1
  Eat: Chunk             |     4 |       ||     4
Armor: Leather armour    |    30 |    10 ||    40
Dodge: Dodged            |    83 |    23 ||   106
